 Dungeon Crawl Stone Soup version 0.29-a0-509-g793eeb5391 (webtiles) character file.

Game seed: 16512357100672980599

116 Morbidden the Skirmisher (level 4, -3/36 HPs)
             Began as a Demonspawn Fighter on May 29, 2022.
             Was a Follower of Qazlal.
             Slain by a gnoll
             ... wielding a +0 whip
              (6 damage)
             ... on level 3 of the Dungeon.
             The game lasted 00:01:30 (2167 turns).

Morbidden the Skirmisher (Demonspawn Fighter)       Turns: 2167, Time: 00:01:30

Health: -3/36      AC:  6    Str: 18    XL:     4   Next: 70%
Magic:  4/4        EV:  9    Int:  9    God:    Qazlal [*.....]
Gold:   114        SH: 10    Dex: 13    Spells: 3/3 levels left

rFire   . . .      SeeInvis .   a - +0 war axe
rCold   . . .      Faith    .   c - +0 buckler
rNeg    . . .      Spirit   .   b - +0 scale mail
rPois   .          Reflect  .   (no helmet)
rElec   .          Harm     .   (no cloak)
rCorr   .          Rampage  .   (no gloves)
Will    .....                   (no boots)
Stlth   ..........              (no amulet)
HPRegen 0.12/turn               (no ring)
MPRegen 0.09/turn               (no ring)

@: no status effects
A: large bone plates 1
a: Renounce Religion


You were on level 3 of the Dungeon.
You worshipped Qazlal.
Qazlal was aware of your devotion.
You visited 1 branch of the dungeon, and saw 3 of its levels.

You collected 114 gold pieces.

Inventory:

Hand Weapons
 a - a +0 war axe (weapon)
Missiles
 n - 3 boomerangs (quivered)
Armour
 b - a +0 scale mail (worn)
 c - a +0 buckler (worn)
Scrolls
 e - a scroll of acquirement {unknown}
 h - a scroll of teleportation {unknown}
 i - a scroll of fear {unknown}
 j - a scroll of vulnerability {unknown}
 k - a scroll of magic mapping {unknown}
Potions
 d - a potion of might
 f - a potion of curing
 g - a potion of invisibility {unknown}
 l - 2 potions of flight {unknown}
 m - a potion of degeneration {unknown}


   Skills:
 * Level 3.6 Fighting
 * Level 2.7 Axes
 + Level 3.2 Armour
 * Level 0.4 Dodging
 + Level 3.2 Shields
 * Level 0.3 Spellcasting
 * Level 0.8 Invocations


You had 3 spell levels left.
You didn't know any spells.
Your spell library was empty.

Dungeon Overview and Level Annotations

Branches:
Dungeon (3/15)

Altars:
Nemelex Xobeh
Qazlal


Innate Abilities, Weirdness & Mutations

You are partially covered in large bone plates. (SH +4)


Message History

Unknown command.
You slash the gnoll!
You kill the gnoll!
Qazlal accepts your kill.
Unknown command.
Unknown command.
You hit the gnoll but do no damage.
The gnoll is severely wounded.
You block the gnoll's attack.
Unknown command.
You closely miss the gnoll.
The gnoll is severely wounded.
The gnoll closely misses you. You block the gnoll's attack.
The gnoll hits you from afar with a +2 halberd of venom.
* * * LOW HITPOINT WARNING * * *
Unknown command.
Unknown command.
You hit the gnoll.
The gnoll is almost dead.
The gnoll hits you with a +0 whip.
* * * LOW HITPOINT WARNING * * *
The gnoll closely misses you.
Unknown command.
Unknown command.
Unknown command.
You closely miss the gnoll.
The gnoll is almost dead.
You block the gnoll's attack. The gnoll hits you but does no damage.
You are lethally poisoned!
You block the gnoll's attack. x2
Unknown command.
Unknown command.
* * * LOW HITPOINT WARNING * * *
You feel sick.
Unknown command.
It was a potion of curing.
You feel better.
The gnoll hits you from afar with a +2 halberd of venom!
* * * LOW HITPOINT WARNING * * *
The gnoll hits you with a +0 whip.
You die...

# .. .## >.. ###
##.# ##.##
###...#####...##
#..$8)).)gg@8..#
...#...#####...##
##.# ##.## #. #.#
# #.# #.# ##
##.##
##...#####...##
#..8.......8..#


You could see 2 gnolls.

Vanquished Creatures
  A jelly (D:2)
  An orc wizard (D:3)
  2 gnolls (D:3)
  A dart slug (D:1)
  3 orcs (D:3)
  2 bats
  An endoplasm (D:1)
  4 goblins
  4 hobgoblins
  9 jackals
  2 quokkas
  2 ball pythons
  3 kobolds
35 creatures vanquished.

Notes
Turn   | Place    | Note
-------+----------+-------------------------------------------
     0 | D:1      | Morbidden the Demonspawn Fighter began the quest for the
                  | Orb.
     0 | D:1      | Reached XP level 1. HP: 18/18 MP: 1/1
   308 | D:1      | Gained mutation: You are partially covered in large bone
                  | plates. (SH +4) [demonic ancestry]
   308 | D:1      | Reached XP level 2. HP: 24/24 MP: 2/2
   781 | D:2      | Found a faded altar of an unknown god.
   785 | D:2      | Prayed at the altar of an unknown god.
   785 | D:2      | Became a worshipper of Qazlal Stormbringer
   785 | D:2      | Reached * piety under Qazlal
   829 | D:2      | Reached XP level 3. HP: 3/29 MP: 3/3
  1294 | D:2      | Found a sparkling altar of Nemelex Xobeh.
  1828 | D:3      | Reached XP level 4. HP: 15/35 MP: 4/4
  2167 | D:3      | Slain by a gnoll

Illustrated notes

Levels and vault maps discovered:
D:1:      psy_arrival_heroes, layout_loops_cross
D:2:      layout_loops_ring, hellmonk_ecumenical_altar_heavens_door, basic_altar
D:3:      layout_loops_ring, led_xom_imps, gammafunk_temple_overflow_claw,
          minmay_misc_feat_tower, uniq_crazy_yiuf_cottage

Skill      XL: |  1  2 |
---------------+-------+-----
Shields        | 3 |  3.2
Axes           | 2 |  2.7
Armour         | 3 |  3.2
Fighting       | |  3.6
Dodging        | |  0.4
Spellcasting   | |  0.3
Invocations    | |  0.8

Action                   |  1- 3 |  4- 6 || total
-------------------------+-------+-------++-------
Melee: War axe           |    86 |    23 ||   109
  Use: Potion            |       |     1 ||     1
Armor: Scale mail        |    43 |     4 ||    47
Dodge: Dodged            |    28 |     6 ||    34
Block: Buckler           |    38 |    19 ||    57

Table legend: (Time is in decaauts)
 A = Elapsed time spent in this place.
 B = Non-inter-level travel time spent in this place.
 C = Inter-level travel time spent in this place.
 D = Time resting spent in this place.
 E = Time spent auto-exploring this place.
 F = Levels seen in this place.
 G = Mean time per level.
                   A        B        C        D        E       F      G
               +--------+--------+--------+--------+--------+-----+--------+
         Total |   2213 |   2151 |     62 |    268 |   1583 |   3 |  737.7 |
       Dungeon |   2213 |   2151 |     62 |    268 |   1583 |   3 |  737.7 |
               +--------+--------+--------+--------+--------+-----+--------+

Top non-repeatable levels by time:
     D:1: 1051 daAuts
     D:2: 742 daAuts
     D:3: 418 daAuts
